AoeStats
← サンテアゴ

Arabia

504676323Analyzed
4v4 RM · 24d ago on Sep 6, 2026· 25m 42s· 8 players
Game mode
Random Map
Map size
Large (8 player)
Population
200
Speed
Normal
Resources
Standard
Victory
Conquest
Starting age
Dark Age
Ending age
Imperial Age
RankedLock teamsTeams togetherTeam positionsShared explorationLock speedFull tech treeHidden civsTurbo modeCheats
Victory
Defeat
🇺🇸 Saracens · United States
1035
+15
🇲🇽 Teutons · Mexico
1009
+16
🇲🇽 Malians · Mexico
1006
+17
🇯🇵 Britons · Japan
999
+17
🇹🇷 Japanese · Türkiye
1086
-18
🇪🇪 Spanish · Estonia
1024
-17
🇨🇱 Franks · Chile
986
-15
🇹🇷 Mongols · Türkiye
976
-15
dinbsty ascenci
3:02 Loom
10:48 Feudal Age
11:47 Horse Collar
12:00 Double-Bit Axe
20:29 Wheelbarrow
27:38 Castle Age
DIO
1:46 Loom
11:17 Feudal Age
12:25 Double-Bit Axe
12:22 Horse Collar
17:18 Fletching
20:21 Castle Age
20:38 Wheelbarrow
20:43 Forging
20:32 Crossbowman
21:17 Thumb Ring
22:00 Bodkin Arrow
23:09 Padded Archer Armor
サンテアゴ
7:01 Loom
9:54 Feudal Age
11:01 Double-Bit Axe
14:16 Gold Mining
18:11 Fletching
18:40 Horse Collar
22:01 Wheelbarrow
24:49 Castle Age
23:00 Stone Mining
23:43 Padded Archer Armor
25:55 Bodkin Arrow
chekopg_1110
4:52 Loom
13:23 Feudal Age
13:54 Horse Collar
16:14 Double-Bit Axe
18:39 Castle Age
16:32 Gold Mining
17:47 Bloodlines
17:50 Forging
18:19 Scale Barding Armor
24:19 Town Watch
Finn The Human
7:27 Loom
10:02 Feudal Age
10:31 Double-Bit Axe
15:39 Fletching
17:21 Padded Archer Armor
21:29 Castle Age
22:28 Bow Saw
22:34 Crossbowman
24:58 Horse Collar
the._.voice
6:18 Loom
11:52 Feudal Age
12:40 Double-Bit Axe
15:35 Wheelbarrow
18:38 Castle Age
17:55 Forging
17:51 Scale Barding Armor
21:07 Iron Casting
22:17 Husbandry
22:59 Gold Mining
Crucio
10:34 Feudal Age
11:34 Double-Bit Axe
12:03 Loom
12:00 Horse Collar
14:05 Bloodlines
14:50 Forging
16:51 Gold Mining
18:29 Scale Barding Armor
19:58 Wheelbarrow
24:11 Castle Age
FirstToQuitIsGaaaay
8:28 Loom
11:14 Feudal Age
12:18 Double-Bit Axe
13:30 Horse Collar
17:25 Wheelbarrow
20:42 Castle Age
21:16 Town Watch
22:05 Bow Saw
22:56 Padded Archer Armor
24:39 Hand Cart
25:07 Gold Mining
Connection lost

Rejoining the realm…

Still unreachable

The connection could not be restored.

Session expired

The server has moved on; the page needs a fresh start.